 Dungeon Crawl Stone Soup version 0.32-a0-871-ge202e49faa (webtiles) character file.

Game seed: 10597308245066435514

10155 McSplat the Arsonist (level 11, 0/77 HPs)
             Began as a Demigod Fire Elementalist on Mar 29, 2024.
             Slain by an efreet
             ... wielding a +0 scimitar of flaming
              (25 damage)
             ... on level 8 of the Dungeon.
             The game lasted 00:52:08 (9075 turns).

McSplat the Arsonist (Demigod Fire Elementalist)    Turns: 9075, Time: 00:52:08

Health: 0/77       AC:  5    Str:  9    XL:     11   Next: 11%
Magic:  15/27      EV: 18    Int: 29    God:
Gold:   520        SH:  0    Dex: 14    Spells: 13/26 levels left

rFire   . . .        w - +0 dagger (spect)
rCold   . . .        (no shield)
rNeg    . . .        m - +1 leather armour of Agnosticism {Harm Rampage}
rPois   +            M - +0 helmet
rElec   .            (no cloak)
rCorr   +            (no gloves)
SInv    +            (no boots)
Will    ++...        (no amulet)
Stlth   ++           n - +5 ring of evasion
HPRegen 0.32/turn    g - ring "Ygrel" {*Slow rPois Will+ rCorr SInv}
MPRegen 0.20/turn

%: slow self (1%), harm (+30% outgoing, +20% incoming), rampage
@: no status effects
A: high MP 1, forlorn, divine attributes
a: no special abilities


You were on level 8 of the Dungeon.
You visited 1 branch of the dungeon, and saw 9 of its levels.
You also visited: Sewer and Ossuary.

You collected 520 gold pieces.

Inventory:

Hand Weapons
 b - the +7 morningstar of Hell's Wrath {holy, rElec rN+ Dex+2}
   (You found it on level 5 of the Dungeon)

   Dex+2:     It affects your dexterity (+2).
   rElec:     It insulates you from electricity.
   rN+:       It protects you from negative energy.
 w - a +0 spectral dagger (weapon)
 K - a +1 mace of holy wrath
Missiles
 c - 71 stones
 D - a throwing net
Armour
 d - a +0 ring mail
 l - a +0 leather armour
 m - the +1 leather armour of Agnosticism (worn) {Harm Rampage}
   (You found it on level 2 of the Dungeon)

   Harm:      It increases damage dealt and taken.
   Rampage:   It bestows one free step when moving towards enemies.
 o - a +0 robe
 r - a +0 cloak
 E - a +0 robe of fire resistance
 M - a +0 helmet (worn)
Magical Staves
 a - a staff of fire
 h - a staff of cold
 z - a staff of air
Jewellery
 g - the ring "Ygrel" (right hand) {*Slow rPois Will+ rCorr SInv}
   (You acquired it on level 3 of the Dungeon)

   [ring of willpower]

   rPois:     It protects you from poison.
   Will+:     It increases your willpower.
   SInv:      It lets you see invisible.
   rCorr:     It protects you from acid and corrosion.
   *Slow:     It may slow you when you take damage.
 n - a +5 ring of evasion (left hand)
 p - a ring of protection from fire
 C - a ring of flight
Talismans
 H - a serpent talisman
Wands
 F - a wand of warping (10)
 I - a wand of paralysis (4)
Scrolls
 i - a scroll of brand weapon
 j - a scroll of poison
 t - a scroll of teleportation
 u - 2 scrolls of enchant weapon
 y - 2 scrolls of amnesia
 G - a scroll of vulnerability
 J - a scroll of torment
 P - a scroll of enchant armour
Potions
 e - 4 potions of curing
 f - 2 potions of enlightenment
 k - 3 potions of heal wounds
 q - 3 potions of attraction
 s - 3 potions of haste
 v - 3 potions of mutation
 x - a potion of berserk rage
 A - 2 potions of might
 B - a potion of brilliance {unknown}
 N - a potion of lignification
 O - a potion of invisibility


   Skills:
 - Level 1.0 Fighting
 + Level 2.6 Armour
 + Level 6.9 Dodging
 - Level 2.1 Stealth
 + Level 8.1 Spellcasting
 - Level 5.6 Conjurations
 - Level 1.0 Hexes
 - Level 1.0 Translocations
 - Level 10.9 Fire Magic
 - Level 1.0 Evocations


You had 13 spell levels left.
You knew the following spells:

 Your Spells              Type           Power      Damage    Failure   Level
a - Foxfire               Conj/Fire      100%       2x1d9     1%          1
b - Scorch                Fire           100%       2d9       1%          2
c - Inner Flame           Hex/Fire       46%        N/A       1%          3
d - Volatile Blastmotes   Fire/Tloc      92%        2d17      1%          3
e - Flame Wave            Conj/Fire      56%        2d13      1%          4

Your spell library contained the following spells:

 Spells                   Type           Power      Damage    Failure   Level
 Kiss of Death            Conj/Necr      100%       2d13      1%          1
 Magic Dart               Conj           100%       1d8       1%          1
 Sting                    Conj/Alch      100%       1d9       1%          1
 Momentum Strike          Conj/Tloc      62%        3d9       2%          2
 Blink                    Tloc           34%        N/A       6%          2
 Lesser Beckoning         Tloc           34%        N/A       6%          2
 Ignite Poison            Fire/Alch      43%        N/A       6%          4
 Sticky Flame             Fire/Alch      43%        2d8       6%          4
 Call Imp                 Summ           22%        N/A       10%         2
 Sublimation of Blood     Necr           11%        N/A       10%         2
 Confusing Touch          Hex            17%        N/A       12%         3
 Animate Dead             Necr           11%        N/A       52%         4
 Dispel Undead            Necr           11%        3d9       52%         4
 Borgnjor's Vile Clutch   Necr/Erth      5%         N/A       86%         5
 Ignition                 Fire           33%        3d10      99%         8
 Death Channel            Necr           5%         N/A       100%        6
 Summon Hydra             Summ           5%         N/A       100%        7


Dungeon Overview and Level Annotations

Branches:
Dungeon (9/15)             Temple (0/1) D:4           Sewer (visited)
Ossuary (visited)
   Lair: D:8-11         Orc: D:9-12

Shops:
D:6 *

Annotations:
D:2 1 runed translucent door, exclusion: door, Crazy Yiuf
D:8 exclusion: efreet
D:9 Maggie


Innate Abilities, Weirdness & Mutations

You have an increased reservoir of magic. (+10% MP)
You shall have no god before yourself.
Your divine heritage dramatically boosts your attributes as you level up.


Message History

The helpless efreet fails to defend itself.
You hit the efreet.
The efreet is severely wounded.
Your +0 spectral dagger hits the efreet but does no damage.
The helpless efreet fails to defend itself.
You hit the efreet.
The efreet is severely wounded.
Your +0 spectral dagger hits the efreet.
The helpless efreet fails to defend itself.
You hit the efreet.
The efreet is almost dead.
Your +0 spectral dagger hits the efreet but does no damage.
The efreet is no longer paralysed.
The efreet gestures at you.
The fireball explodes!
The fireball engulfs you!
The fireball engulfs the efreet.
The efreet completely resists.
Okay, then.
Casting: Scorch (safe; 1% risk of failure)
Confirm with . or Enter, or press ? or * to list all spells.
Casting: Flame Wave (dangerous; 1% risk of failure)
Press: ? - help, Dir - look around, f - activate
Okay, then.
Press: ? - help, v - describe, . - travel, g - get item
Here: an efreet, wielding a +0 scimitar of flaming (almost dead, not watching you) Item here: 15 gold pieces.
The floor.
Placed new exclusion.
Reduced exclusion size to a single square.
Unknown command.
Casting: Flame Wave (dangerous; 1% risk of failure)
Confirm with . or Enter, or press ? or * to list all spells.
Casting: Flame Wave (dangerous; 1% risk of failure)
Press: ? - help, Dir - look around, f - activate A wave of flame ripples out!
The flame wave engulfs the efreet.
The efreet completely resists.
The efreet is almost dead. (Press . to intensify the flame waves.)
Your +0 spectral dagger disappears.
The efreet hits you with a +0 scimitar of flaming!!
You die...

#....# #.#................#...
#....#####.#.####.)..[......##.#
#........#.#.......########.##.#
####.....#.#.#........# #.....
#.....#.#.#........# ####..
#.....#.###...[....# #....
#.....#............# #.##.
#.....######.......# #. +.
####### #@......# # #.
#Rh.......# #. ~[[~≈[~~#..# #.
#..####.....# #. #.. ....## #.
#.. ....~ ## #.. ....≈# ... .###


You could see an efreet and a howler monkey.

Vanquished Creatures
  A two-headed ogre (D:8)
  Maurice (D:9)
  Prince Ribbit (D:5)
  2 hornets (D:8)
  A basilisk (D:9)
  A wyvern (D:8)
  A steam dragon (D:9)
  2 orc warriors (D:8)
  Pargi (Sewer)
  4 ice beasts
  5 centaurs
  A phantom (D:5)
  Blork the orc (D:4)
  3 kobold brigands
  A weeping skull (Ossuary)
  A brain worm (Sewer)
  5 bullfrogs
  3 water moccasin zombies (Ossuary)
  A scorpion (D:6)
  15 wights
  A killer bee (D:8)
  3 howler monkeys
  3 bombardier beetles
  2 centaur zombies (Ossuary)
  A hound (D:6)
  A gnoll bouda (D:4)
  2 orc priests
  3 jellies
  2 sleepcaps (D:8)
  Jessica (D:2)
  2 iguanas
  10 orc wizards
  Terence (D:2)
  A scorpion zombie (Ossuary)
  An ogre zombie (Ossuary)
  7 adders
  9 gnolls
  2 river rats (D:6)
  A shadow imp (D:6)
  A white imp (D:5)
  2 adder zombies (Ossuary)
  A dart slug (D:3)
  20 orcs
  7 endoplasms
  5 giant cockroaches
  3 gnoll zombies (Ossuary)
  5 goblins
  4 hobgoblins
  4 quokkas
  9 ball pythons
  15 bats
  3 frilled lizards
  5 goblin zombies (Ossuary)
  A hobgoblin zombie (Ossuary)
  21 kobolds
  4 orc zombies (Ossuary)
  7 rats
221 creatures vanquished.

Vanquished Creatures (others)
  485 foxfires
485 creatures vanquished.

Grand Total: 706 creatures vanquished

Notes
Turn   | Place    | Note
-------+----------+-------------------------------------------
     0 | D:1      | McSplat the Demigod Fire Elementalist began the quest for
                  | the Orb.
     0 | D:1      | Reached XP level 1. HP: 14/14 MP: 5/5
    51 | D:1      | Reached skill level 1 in Conjurations
   210 | D:1      | Reached XP level 2. HP: 20/20 MP: 5/7
   592 | D:1      | Learned a level 2 spell: Scorch
   593 | D:2      | Noticed Jessica
   597 | D:2      | Killed Jessica
   598 | D:2      | Reached skill level 3 in Fire Magic
   598 | D:2      | Reached XP level 3. HP: 26/26 MP: 4/8
   605 | D:2      | Learned a level 3 spell: Inner Flame
   847 | D:2      | Noticed Terence
   876 | D:2      | Killed Terence
   877 | D:2      | Reached XP level 4. HP: 11/33 MP: 1/10
  1207 | D:2      | Identified the +1 leather armour of Agnosticism {Harm
                  | Rampage}
  1264 | D:2      | Found a runed translucent door.
  1265 | D:2      | Noticed Crazy Yiuf
  1552 | D:3      | Reached skill level 1 in Hexes
  1819 | D:3      | HP: 1/33 [something (4)]
  1994 | D:3      | Reached XP level 5. HP: 38/38 MP: 4/12
  2343 | D:3      | Identified 2 scrolls of acquirement
  2343 | D:3      | Acquired the ring "Ygrel" {*Slow rPois Will+ rCorr SInv}
  2347 | D:3      | Acquired a staff of fire
  2355 | D:3      | Learned a level 3 spell: Volatile Blastmotes
  2357 | D:4      | Found a staircase to the Ecumenical Temple.
  2393 | D:4      | Noticed Blork the orc
  2498 | D:4      | Found a sand-covered staircase.
  2503 | Ossuary  | Entered an ossuary
  2829 | Ossuary  | Reached skill level 4 in Fire Magic
  2829 | Ossuary  | Reached skill level 1 in Evocations
  2829 | Ossuary  | Reached XP level 6. HP: 45/45 MP: 5/13
  2924 | Ossuary  | Reached skill level 1 in Translocations
  3287 | Ossuary  | Noticed a silent spectre
  3357 | D:4      | Reached XP level 7. HP: 47/50 MP: 8/15
  3527 | D:4      | Reached skill level 5 in Fire Magic
  3747 | D:4      | Killed Blork the orc
  3921 | D:4      | Learned a level 4 spell: Flame Wave
  3922 | D:5      | Entered Level 5 of the Dungeon
  4064 | D:5      | Noticed Prince Ribbit
  4070 | D:5      | Killed Prince Ribbit
  4456 | D:5      | Identified the +7 morningstar of Hell's Wrath {holy, rElec
                  | rN+ Dex+2}
  5006 | D:5      | Reached XP level 8. HP: 57/57 MP: 11/18
  5060 | D:6      | Reached skill level 5 in Conjurations
  5275 | D:6      | Reached skill level 5 in Spellcasting
  5276 | D:6      | Reached skill level 6 in Fire Magic
  5447 | D:6      | Found a glowing drain.
  5456 | Sewer    | Entered a sewer
  5622 | Sewer    | Noticed Pargi
  5638 | Sewer    | Killed Pargi
  5804 | D:6      | You fall into a shaft and drop 3 floors!
  5921 | D:9      | Noticed an elephant
  6056 | D:9      | Noticed Maggie
  6079 | D:8      | Noticed a hornet
  6085 | D:8      | Killed a hornet
  6086 | D:8      | Reached skill level 1 in Fighting
  6086 | D:8      | Reached skill level 1 in Armour
  6278 | D:8      | Reached XP level 9. HP: 44/64 MP: 6/21
  6282 | D:8      | Noticed a two-headed ogre
  6493 | D:9      | Noticed Maurice
  6509 | D:9      | Killed Maurice
  6519 | D:9      | Reached skill level 5 in Dodging
  6774 | D:7      | Got Mysticism, Volume One
  7462 | D:6      | Found Eiggost's Eclectic Emporium.
  7885 | D:7      | Reached skill level 10 in Fire Magic
  7885 | D:7      | Reached XP level 10. HP: 71/71 MP: 25/25
  8589 | D:8      | Reached XP level 11. HP: 77/77 MP: 18/27
  8959 | D:8      | Noticed a two-headed ogre
  8987 | D:8      | Killed a two-headed ogre
  9075 | D:8      | Slain by an efreet

Illustrated notes

Levels and vault maps discovered:
D:1:      nzn_arrival_water_spiral, layout_rooms, serial_curves, eino_curves_02,
          eino_curves_04, eino_curves_02, minmay_pentomino_t4
D:2:      layout_rooms, minmay_misc_feat_square, nicolae_hexahallways,
          uniq_terence, uniq_crazy_yiuf_cottage, uniq_jessica
D:3:      layout_rooms, minmay_statues_item, minmay_misc_feat_rows
D:4:      layout_rooms, lemuel_coloured_pillars_altar,
          nicolae_uskayaw_murder_on_the_dancefloor, minmay_temple_entry_glass,
          enter_ossuary_2, minivault_26, chequers_serial_rivers_small_a,
          uniq_blork_the_orc
D:5:      layout_basic, uniq_prince_ribbit1
D:6:      layout_basic, gup_sewer_entry_bubbles, minmay_misc_feat_four_crosses,
          nicolae_alphabet_shops
D:7:      layout_basic
D:8:      cheibrodos_ideogram_h, layout_basic, minmay_misc_feat_pillars,
          minmay_misc_feat_alley
D:9:      layout_cave_pools, david_lair_generic, uniq_maggie, uniq_maurice

Skill      XL: |  1  2  3  4  5  6  7  8  9 10 11 |
---------------+----------------------------------+-----
Conjurations   | 1 2 3 4 5 |  5.6
Stealth        | 2 |  2.1
Dodging        | 2 3 6 |  6.9
Spellcasting   | 2 3 4 6 7 8 |  8.1
Fire Magic     | 3 4 5 6 10 | 10.9
Hexes          | 1 |  1.0
Evocations     | 1 |  1.0
Translocations | 1 |  1.0
Fighting       | 1 |  1.0
Armour         | 1 2 |  2.6

Action                     |  1- 3 |  4- 6 |  7- 9 | 10-12 || total
---------------------------+-------+-------+-------+-------++-------
  Melee: Unarmed           |     2 |       |       |       ||     2
         Hand axe          |     9 |    19 |       |       ||    28
         Dagger            |       |     4 |       |     6 ||    10
         Staff             |       |     3 |    21 |    16 ||    40
   Cast: Foxfire           |    43 |    93 |   118 |    26 ||   280
         Scorch            |     6 |    26 |    81 |    31 ||   144
         Volatile Blastmot |       |     1 |     2 |       ||     3
         Flame Wave        |       |       |     3 |     3 ||     6
         Inner Flame       |       |       |     2 |       ||     2
  Evoke: Wand              |       |       |     1 |     1 ||     2
    Use: Potion            |     2 |     1 |     3 |       ||     6
         Scroll            |       |     7 |    23 |       ||    30
   Stab: Sleeping          |       |     2 |     1 |       ||     3
         Paralysed         |       |       |       |     6 ||     6
 Armour: Robe              |    18 |    32 |       |       ||    50
         Leather armour    |       |    13 |    37 |    30 ||    80
  Dodge: Dodged            |    16 |    63 |    64 |    59 ||   202

Table legend: (Time is in decaauts)
 A = Elapsed time spent in this place.
 B = Non-inter-level travel time spent in this place.
 C = Inter-level travel time spent in this place.
 D = Time resting spent in this place.
 E = Time spent auto-exploring this place.
 F = Levels seen in this place.
 G = Mean time per level.
                   A        B        C        D        E       F      G
               +--------+--------+--------+--------+--------+-----+--------+
         Total |   9094 |   8726 |    368 |   1580 |   5038 |  11 |  826.7 |
       Dungeon |   8015 |   7647 |    368 |   1154 |   4663 |   9 |  890.6 |
         Sewer |    255 |    255 |      0 |    125 |     82 |   1 |  255.0 |
       Ossuary |    823 |    823 |      0 |    301 |    293 |   1 |  823.0 |
               +--------+--------+--------+--------+--------+-----+--------+

Top non-repeatable levels by time:
     D:8: 1213 daAuts
     D:7: 1188 daAuts
     D:5: 1133 daAuts
     D:2: 990 daAuts
     D:6: 976 daAuts
     D:3: 850 daAuts
 Ossuary: 823 daAuts
     D:4: 671 daAuts
     D:1: 594 daAuts
     D:9: 398 daAuts
   Sewer: 255 daAuts
